 Dungeon Crawl Stone Soup version 0.20.1-1-g8b1a95d (webtiles) character file.

472674 galech the Heavyweight Champion (level 23, -5/202 HPs)
             Began as a Troll Monk on Sept 1, 2017.
             Was the Champion of Okawaru.
             Slain by an azure jelly (10 damage)
             ... created by the Royal Jelly
             ... on level 4 of the Pits of Slime.
             The game lasted 02:40:26 (52049 turns).

galech the Heavyweight Champion (Troll Monk)       Turns: 52049, Time: 02:40:28

Health: -5/202     AC: 17    Str: 32    XL:     23   Next: 56%
Magic:  16/22      EV: 23    Int:  9    God:    Okawaru [******]
Gold:   6759       SH: 32    Dex: 14    Spells: 22/22 levels left

rFire    . . .     SeeInvis .     - Unarmed
rCold    . . .     Gourm    +   V - +1 large shield {AC+3}
rNeg     + + +     Faith    .   O - +4 steam dragon scales "Patyomebb" {rN++ Int+5}
rPois    .         Spirit   .   F - +2 hat of Depud {*Drain rN+ MR+ Str+2}
rElec    .         Reflect  +   U - +0 cloak {MR+}
rCorr    +         Harm     .   (gloves unavailable)
MR       +++..     Rnd*Rage +   (boots unavailable)
Stlth    +++++.....             o - +5 amulet of reflection
Regen    0.9/turn               Q - +5 ring of protection
MPRegen  0.2/turn               K - ring of resist corrosion

@: about to teleport, heroism, finesse, corroded
A: unfitting armour, antennae 1, claws 3, agile 1, berserk 1, deterioration 1,
dopey 1, fast metabolism 3, gourmand, low mp 1, regeneration 1, screaming 1,
shaggy fur 1, tough skin 2, weak 1, MP-powered wands
}: 2/15 runes: decaying, gossamer
a: Heroism, Finesse, Renounce Religion


You were on level 4 of the Pits of Slime.
You worshipped Okawaru.
Okawaru was exalted by your worship.
You were very full.

You visited 9 branches of the dungeon, and saw 44 of its levels.
You also visited: Ice Cave, Volcano and Desolation.

You collected 7225 gold pieces.
You spent 466 gold pieces at shops.

Inventory:

Armour
 i - a +2 robe of magic resistance
 u - a scarf of resistance
 v - the +0 cloak "Damnable Contraption" {-Cast rPois rN+ Stlth+}
   (You bought it in a shop on level 2 of the Orcish Mines)

   It protects you from poison.
   It protects you from negative energy.
   It prevents spellcasting.
   It makes you more stealthy.
 D - a +2 shield of fire resistance
 E - a +1 robe of cold resistance
 F - the +2 hat of Depud (worn) {*Drain rN+ MR+ Str+2}
   (Okawaru gifted it to you on level 4 of the Pits of Slime)

   It affects your strength (+2).
   It protects you from negative energy.
   It affects your resistance to hostile enchantments.
   It causes draining when unequipped.
 M - the +1 shadow dragon scales of Resilience {rPois Stlth++++}
   (Okawaru gifted it to you on level 3 of the Vaults)

   It protects you from poison.
   It makes you much more stealthy.
 O - the +4 steam dragon scales "Patyomebb" (worn) {rN++ Int+5}
   (Okawaru gifted it to you on level 1 of the Swamp)

   It affects your intelligence (+5).
   It greatly protects you from negative energy.
 U - a +0 cloak of magic resistance (worn)
 V - a +1 large shield of protection (worn)
Jewellery
 e - a ring of the Octopus King {rN+ AC+1 EV+1 Str+1 Int+1 Dex+1}
   (You found it in the Desolation of Salt)

   [ring of positive energy]

   It affects your AC (+1).
   It affects your evasion (+1).
   It affects your strength (+1).
   It affects your intelligence (+1).
   It affects your dexterity (+1).
   It protects you from negative energy.
 o - a +5 amulet of reflection (around neck)
 q - an uncursed ring of protection from fire
 r - an uncursed amulet of guardian spirit
 y - an uncursed ring of protection from cold
 G - an uncursed ring of positive energy
 H - the ring of the Assorted Souls {*Corrode rPois rC+ Int+2 Dex+3 SInv}
   (You found it on level 4 of the Vaults)

   [ring of intelligence]

   It affects your intelligence (+2).
   It affects your dexterity (+3).
   It protects you from cold.
   It protects you from poison.
   It lets you see invisible.
   It may corrode you when you take damage.
 K - a ring of resist corrosion (right claw)
 Q - a +5 ring of protection (left claw)
 Y - the ring of the Tormentor {rElec rF- MR++ Str+3 Int+4}
   (You found it on level 3 of the Spider Nest)

   [ring of intelligence]

   It affects your strength (+3).
   It affects your intelligence (+4).
   It makes you vulnerable to fire.
   It insulates you from electricity.
   It affects your resistance to hostile enchantments.
Wands
 S - a wand of digging (12/24)
Scrolls
 a - 4 scrolls of silence
 c - 7 scrolls of teleportation
 f - 3 scrolls of magic mapping
 h - 7 scrolls of amnesia
 j - 12 scrolls of enchant armour
 w - 10 scrolls of recharging
 x - 15 scrolls of remove curse
 C - 2 scrolls of blinking
 J - 7 scrolls of fog
 R - 6 scrolls of fear
 X - a scroll of enchant weapon
Potions
 d - 11 potions of curing
 k - 5 potions of ambrosia
 m - 2 potions of resistance
 p - 3 potions of flight
 s - 10 potions of berserk rage
 t - a potion of cancellation
 z - 14 potions of agility
 A - 6 potions of might
 L - 3 potions of heal wounds
 N - 3 potions of brilliance
 T - 6 potions of haste
 W - 3 potions of invisibility
 Z - 2 potions of magic
Comestibles
 b - 12 bread rations
 g - 22 royal jellies
 l - 30 fruits
 P - 11 meat rations


   Skills:
 + Level 7.2(12.2) Fighting
 + Level 2.8(7.8) Armour
 + Level 15.3(20.3) Dodging
 + Level 7.0(12.0) Stealth
 + Level 17.6(22.6) Shields
 O Level 27 Unarmed Combat
 + Level 4.0 Invocations
 + Level 0.1 Evocations


You had 22 spell levels left.
You didn't know any spells.

Dungeon Overview and Level Annotations

Branches:
Dungeon (15/15)            Temple (1/1) D:7            Lair (6/6) D:8
  Swamp (4/4) Lair:2       Spider (4/4) Lair:3        Slime (5/5) Lair:5
    Orc (2/2) D:12            Elf (3/3) Orc:2        Vaults (4/5) D:14
  Crypt (0/3) Vaults:3     Depths (0/5) D:15

Altars:
Cheibriados
Dithmenos
Elyvilon
Fedhas
Gozag
Hepliaklqana
Nemelex Xobeh
Okawaru
Qazlal
Ru
Trog
Vehumet
Xom
Yredelemnul
Zin
The Shining One
Beogh
Jiyva

Shops:
D:5 ?[(   Orc:1 =   Orc:2 [*(:   Elf:3 (!   Vaults:4 [*((


Innate Abilities, Weirdness & Mutations

You are too large for most types of armour.
You have claws for hands.
Your metabolism is lightning-fast.
You like to eat raw meat.
Your natural rate of healing is unusually fast.
You are covered in fur. (AC +1)
You have very tough skin. (AC +2)
You have a pair of small antennae on your head.
You are agile. (Dex +2)
You tend to lose your temper in combat.
Your body sometimes deteriorates upon taking damage.
You are dopey. (Int -2)
Your magical capacity is low. (-10% MP)
You occasionally shout uncontrollably at your foes.
You are weak. (Str -2)
You expend magic power (3 MP) to strengthen your wands.


Message History

You feel much better. You block the azure jelly's attack.
The azure jelly hits you but does no damage.
You block the azure jelly's attack. x2
The azure jelly hits you but does no damage.
The azure jelly hits you.
* * * LOW HITPOINT WARNING * * *
The azure jelly freezes you!!!
* * * LOW HITPOINT WARNING * * *
You block the azure jelly's attack. x2; The death ooze completely misses you.
The death ooze barely misses you. The acid blob spits acid at you.
The splash of acid hits you! You resist.
* * * LOW HITPOINT WARNING * * *
You are splashed with acid!
The acid burns!
You resist.
* * * LOW HITPOINT WARNING * * *
The azure jelly hits you but does no damage.
The azure jelly misses you. The azure jelly hits you.
* * * LOW HITPOINT WARNING * * *
The azure jelly hits you!
You die...

....#................#.## ##
............^...........###.##
.#..........#.#..........#...#
###.#......###..............#
##.#....#...##..............#
#......##.........#........##
##........................##
#.............JJJ.......##
.##............J@J........##
.....#.#.....>.JJJ...<.....#
..#..##....#...............##
............................#
#.##.......................##
## ##.................<....##
#...............#...........#
##.##.#.#...#..####.##...#.##
# ############ ##########


You could see 2 acid blobs, 5 azure jellies and a death ooze.

Vanquished Creatures
  the Royal Jelly (Slime:5)
  Mara (Vaults:4)
  Saint Roka (Vaults:1)
  Nikola (Swamp:1)
  A lich (Vaults:4)
  An iron giant (shapeshifter) (Vaults:1)
  An Ice Fiend (IceCv)
  2 tentacled monstrosities
  2 deep elf blademasters (Elf:3)
  A deep elf master archer (Elf:3)
  21 acid blobs
  The ghost of Britaniac the Arsonist, an adept DsFE of Vehumet (Spider:1)
  A shadow dragon (Vaults:3)
  Agnes (Elf:1)
  Gastronok (Lair:1)
  Donald (Swamp:3)
  Roxanne (D:15)
  A thorn hunter (Swamp:1)
  3 fire giants
  9 azure jellies
  7 ghost moths
  2 orc warlords
  4 imperial myrmidons (Desolation)
  11 vault wardens
  4 deep elf sorcerers
  2 emperor scorpions (Spider:4)
  2 angels (Elf:1)
  5 deep elf elementalists (Elf:3)
  4 very ugly things
  19 ironheart preservers
  2 entropy weavers
  3 stone giants
  5 deep elf demonologists
  10 deep elf annihilators
  3 spark wasps
  A halazid warlock (Desolation)
  4 ettins
  Josephine (Spider:1)
  8 deep elf death magi
  4 fire dragons
  7 ragged hierophants (Desolation)
  The ghost of bgiannan the Protected, a journeyman MiFi of Okawaru (IceCv)
  3 rakshasas
  5 deep elf high priests
  Erolcha (D:12)
  3 ice dragons
  17 vault guards
  Harold (Lair:1)
  6 yaktaur captains
  9 great orbs of eyes
  10 servants of whispers (Desolation)
  15 hydras
  A ghost crab (Swamp:3)
  7 centaur warriors
  3 death knights
  8 peacekeepers (Desolation)
  26 dancing weapons
  9 alligators
  A catoblepas (Lair:6)
  38 two-headed ogres
  18 death yaks
  A deep troll shaman (Lair:6)
  A tengu warrior (D:13)
  15 ogre magi
  3 vampire magi (Vaults:3)
  2 deep troll earth magi (Vaults:4)
  4 orc high priests
  21 deep elf knights
  Sonja (D:12)
  A fire crab (shapeshifter) (Vaults:2)
  5 skeletal warriors
  A small abomination (Elf:3)
  2 shadow wraiths
  2 glowing orange brains
  4 wizards
  16 deep trolls
  A spriggan druid (Swamp:1)
  2 flayed ghosts
  3 unseen horrors
  3 shambling mangroves
  A wolf spider zombie (D:13)
  16 deep elf archers
  7 swamp dragons
  A phantasmal warrior (Vaults:2)
  11 harpies
  72 deep elf magi
  2 necromancers
  3 lindwurms
  20 ironbrand convokers
  12 orc knights
  32 wolf spiders
  20 ugly things
  17 orb spiders
  10 orc sorcerers
  5 oklob plants
  2 manticores (D:14)
  4 shining eyes
  A salamander (shapeshifter) (D:15)
  6 cyclopes
  A salamander (Volcano)
  Maurice (D:9)
  2 ice statues (IceCv)
  2 molten gargoyles (Desolation)
  6 black mambas
  10 elephants
  5 guardian serpents (Desolation)
  4 eyes of devastation
  Joseph (D:7)
  3 gargoyles
  3 torpor snails
  10 vault sentinels
  9 spiny frogs
  2 rime drakes
  26 yaktaurs
  6 freezing wraiths
  4 komodo dragons
  13 demonic crawlers
  3 anaconda simulacra (IceCv)
  2 jumping spiders (shapeshifter)
  9 ice devils (IceCv)
  2 golden dragon simulacra (IceCv)
  7 trolls
  3 tengu conjurers (D:15)
  A queen bee (D:10)
  4 polar bears
  A wolf spider simulacrum (D:15)
  28 hornets
  A slime creature (shapeshifter) (Vaults:4)
  A raiju (shapeshifter) (D:14)
  45 jumping spiders
  A wind drake (shapeshifter) (Vaults:1)
  64 saltlings (Desolation)
  3 bog bodies
  Prince Ribbit (D:7)
  90 slime creatures
  A blink frog (shapeshifter) (Vaults:2)
  15 hippogriffs
  7 tyrant leeches
  An ettin zombie (Vaults:1)
  17 blink frogs
  8 spriggans
  5 shadows
  38 tarantellas
  3 wyverns
  8 wraiths
  84 redbacks
  Sigmund (D:4)
  A vampire (D:12)
  4 water elementals
  2 fire elementals
  52 yaks
  A golden eye (shapeshifter) (Vaults:4)
  2 hungry ghosts
  10 golden eyes
  18 vampire mosquitoes
  A human (shapeshifter) (Vaults:1)
  A basilisk (Lair:3)
  A steam dragon (D:10)
  4 insubstantial wisps (Swamp:4)
  2 wargs (Vaults:4)
  An iron troll simulacrum (IceCv)
  25 swamp worms
  3 acid dragons
  Duvessa (D:7)
  17 water moccasins
  An ogre zombie (Vaults:1)
  3 harpy simulacra (IceCv)
  3 hell hounds (Volcano)
  A floating eye (Slime:3)
  11 porcupines
  6 black bears
  3 sky beasts
  4 ice beasts
  46 orc warriors
  3 phantoms
  2 ettin simulacra
  19 swamp drakes
  6 eyes of draining
  A necrophage (D:13)
  19 wolves
  40 ogres
  A human skeleton (Vaults:1)
  8 boggarts (Vaults:1)
  14 centaurs
  16 crocodiles
  2 big kobolds
  26 bullfrogs
  A gnoll sergeant (D:11)
  A wyvern skeleton (D:9)
  2 earth elementals
  18 killer bees
  Dowan (D:7)
  A water moccasin skeleton (D:9)
  7 scorpions
  9 wights
  4 electric eels
  4 howler monkeys (D:11)
  7 centaur zombies
  6 crimson imps
  7 hounds
  A human simulacrum (Vaults:2)
  A quasit (D:13)
  A bullfrog zombie (D:7)
  11 centaur skeletons
  25 orc priests
  Crazy Yiuf (D:2)
  3 jellies
  9 bullfrog skeletons
  3 iguanas
  Jessica (D:2)
  37 orc wizards
  11 worker ants
  3 hound skeletons
  2 worker ant zombies (D:9)
  A howler monkey zombie (D:7)
  10 gnolls
  11 adders
  5 shadow imps
  3 white imps (Lair:6)
  2 adder skeletons
  5 worms
  2 dart slugs
  6 leopard geckos
  123 orcs
  2 ball pythons
  4 giant cockroaches
  7 goblins
  8 hobgoblins
  8 jackals
  3 quokkas
  4 bats
  5 frilled lizards
  20 kobolds
  12 rats
  2 briar patches (Swamp:1)
  2 crawling corpses (Elf:1)
  A fungus (D:8)
  A plant (Lair:5)
2039 creatures vanquished.

Vanquished Creatures (others)
  A vault warden (Vaults:1)
  A yaktaur captain (Vaults:2)
  A hydra (Swamp:4)
  A centaur warrior (Vaults:2)
  A deep elf knight (Elf:1)
  A shambling mangrove (Swamp:4)
  A swamp dragon (Swamp:4)
  A lindwurm (Swamp:4)
  2 deep elf archers
  2 orb spiders (Spider:4)
  A cyclops (Vaults:2)
  7 yaktaurs
  A tarantella (Spider:4)
  A steam dragon (Swamp:4)
  5 swamp drakes
  2 centaurs
  A boggart (Vaults:1)
  An orc (Orc:2)
  9 fungi
  8 plants
48 creatures vanquished.

Grand Total: 2087 creatures vanquished

Notes
Turn   | Place    | Note
-------+----------+-------------------------------------------
     0 | D:1      | galech the Troll Monk began the quest for the Orb.
     0 | D:1      | Reached XP level 1. HP: 22/22 MP: 0/0
   147 | D:1      | Reached XP level 2. HP: 29/29 MP: 1/1
   792 | D:2      | Reached XP level 3. HP: 36/36 MP: 2/2
   999 | D:2      | Found a runed door.
  1003 | D:2      | Noticed Crazy Yiuf
  1008 | D:2      | Killed Crazy Yiuf
  1008 | D:2      | Reached XP level 4. HP: 24/44 MP: 3/3
  1121 | D:2      | Found a stormy altar of Qazlal.
  1144 | D:2      | Reached skill level 4 in Unarmed Combat
  1362 | D:2      | Noticed Jessica
  1387 | D:2      | Killed Jessica
  1669 | D:3      | Reached XP level 5. HP: 39/52 MP: 2/4
  2487 | D:4      | Noticed Sigmund
  2505 | D:4      | Killed Sigmund
  2505 | D:4      | Reached skill level 5 in Unarmed Combat
  2505 | D:4      | Reached XP level 6. HP: 51/59 MP: 2/5
  2596 | D:4      | Reached skill level 6 in Unarmed Combat
  2653 | D:4      | Reached XP level 7. HP: 65/66 MP: 6/6
  2742 | D:4      | Found a blossoming altar of Fedhas.
  2931 | D:5      | Entered Level 5 of the Dungeon
  2942 | D:5      | Found Tuyfuj's Antique Weapon Shop.
  3071 | D:5      | Found Ythenad's Armour Boutique.
  3121 | D:5      | Found Dadghilev's Magic Scroll Shoppe.
  3140 | D:5      | Bought 2 scrolls of teleportation for 90 gold pieces
  3140 | D:5      | Bought a scroll of identify for 30 gold pieces
  3140 | D:5      | Bought a scroll of identify for 30 gold pieces
  3710 | D:6      | Reached skill level 7 in Unarmed Combat
  3861 | D:6      | Reached XP level 8. HP: 75/75 MP: 7/7
  4436 | D:6      | Reached skill level 5 in Dodging
  4517 | D:7      | Reached skill level 1 in Shields
  4542 | D:7      | Reached skill level 8 in Unarmed Combat
  4543 | D:7      | Found a staircase to the Ecumenical Temple.
  4574 | D:7      | Noticed a hippogriff
  4581 | D:7      | Killed a hippogriff
  4595 | Temple   | Entered the Ecumenical Temple
  4671 | Temple   | Became a worshipper of Warmaster Okawaru
  4671 | Temple   | Reached * piety under Okawaru
  4671 | Temple   | Reached ** piety under Okawaru
  4690 | D:7      | Found a white marble altar of Elyvilon.
  4717 | D:7      | Reached skill level 9 in Unarmed Combat
  4787 | D:7      | Noticed Prince Ribbit
  4798 | D:7      | Killed Prince Ribbit
  4798 | D:7      | Reached XP level 9. HP: 29/83 MP: 2/8
  5013 | D:7      | Noticed Joseph
  5013 | D:7      | Noticed Duvessa
  5013 | D:7      | Noticed Dowan
  5023 | D:7      | Killed Dowan
  5028 | D:7      | Killed Duvessa
  5028 | D:7      | Reached *** piety under Okawaru
  5035 | D:7      | Killed Joseph
  5035 | D:7      | Reached skill level 10 in Unarmed Combat
  5364 | D:8      | Found a staircase to the Lair.
  5619 | D:8      | Reached **** piety under Okawaru
  5658 | D:8      | Reached XP level 10. HP: 84/92 MP: 9/9
  5700 | D:8      | Reached skill level 11 in Unarmed Combat
  6671 | D:9      | Reached ***** piety under Okawaru
  6923 | D:9      | Noticed Maurice
  6934 | D:9      | Killed Maurice
  7231 | D:9      | Reached skill level 12 in Unarmed Combat
  7270 | D:10     | Entered Level 10 of the Dungeon
  7543 | D:10     | Received a gift from Okawaru
  7715 | D:10     | Noticed a gargoyle
  7733 | D:10     | Killed a gargoyle
  7733 | D:10     | Reached XP level 11. HP: 86/100 MP: 10/10
  7802 | D:10     | Got a transparent trident
  7803 | D:10     | Identified the +5 trident of the Purple Skies {flame, +Rage rElec rC+++ Int-3} (You found it on level 10 of the Dungeon)
  8894 | D:11     | Noticed a brown ugly thing
  8904 | D:11     | Killed a brown ugly thing
  8926 | D:11     | Reached skill level 13 in Unarmed Combat
  9365 | D:12     | Noticed Sonja
  9392 | D:11     | Gained mutation: You have a pair of small antennae on your head. [mutagenic meat]
  9393 | D:11     | Gained mutation: You are weak. (Str -2) [mutagenic meat]
  9394 | D:11     | Gained mutation: You are agile. (Dex +2) [mutagenic meat]
  9395 | D:11     | Gained mutation: Your magical capacity is low. (-10% MP) [mutagenic meat]
  9397 | D:11     | Gained mutation: You expend magic power (3 MP) to strengthen your wands. [mutagenic meat]
  9593 | D:12     | Reached skill level 5 in Shields
  9597 | D:12     | Noticed Erolcha
  9696 | D:12     | Killed Erolcha
  9696 | D:12     | Reached skill level 1 in Invocations
  9754 | D:12     | Reached ****** piety under Okawaru
  9797 | D:12     | Received a gift from Okawaru
  9800 | D:12     | Got a smoking quarterstaff {god gift}
  9823 | D:12     | Noticed an orc knight
  9971 | D:11     | Killed an orc knight
  9997 | D:12     | Killed Sonja
  9997 | D:12     | Reached XP level 12. HP: 106/109 MP: 7/10
 10007 | D:12     | Reached skill level 14 in Unarmed Combat
 10241 | D:12     | Found a roughly hewn altar of Beogh.
 10241 | D:12     | Found a staircase to the Orcish Mines.
 10452 | D:12     | Identified the +3 quarterstaff of Untruth {crush, rPois rC- MR+++} (Okawaru gifted it to you on level 12 of the Dungeon)
 10523 | Orc:1    | Entered Level 1 of the Orcish Mines
 10800 | Orc:2    | Entered Level 2 of the Orcish Mines
 10919 | Orc:2    | Found a staircase to the Elven Halls.
 11029 | Orc:1    | Found Xonir's Jewellery Boutique.
 11029 | Orc:1    | Noticed a stone giant
 11038 | Orc:1    | Killed a stone giant
 11219 | Orc:1    | Noticed a two-headed ogre
 11219 | Orc:1    | Noticed an ogre mage
 11219 | Orc:1    | Noticed a two-headed ogre
 11404 | Orc:2    | Killed an ogre mage
 11404 | Orc:2    | Received a gift from Okawaru
 11426 | Orc:2    | Killed a two-headed ogre
 11448 | Orc:1    | Killed a two-headed ogre
 11537 | Orc:2    | Noticed an orc high priest
 11539 | Orc:2    | Noticed an orc warlord
 11700 | Orc:1    | Killed an orc warlord
 11864 | Orc:1    | Received a gift from Okawaru
 12007 | Orc:1    | Killed an orc high priest
 12007 | Orc:1    | Reached skill level 15 in Unarmed Combat
 12053 | Orc:2    | Noticed an orc high priest
 12072 | Orc:1    | Killed an orc high priest
 12357 | Orc:1    | Paralysed by an orc sorcerer for 7 turns
 12680 | Orc:2    | Reached XP level 13. HP: 104/117 MP: 11/11
 12823 | Orc:2    | Received a gift from Okawaru
 13562 | Orc:2    | Found Anat's Antique Armour Boutique.
 13563 | Orc:2    | Found Nichikaff's Antique Weapon Boutique.
 13564 | Orc:2    | Found Zoiqio Huxt's General Store.
 13564 | Orc:2    | Found Poleipt's Book Shop.
 13568 | Orc:2    | Bought a scroll of identify for 22 gold pieces
 13595 | Orc:2    | Bought a polished cloak for 294 gold pieces
 13605 | Orc:2    | Identified the cursed +0 cloak "Damnable Contraption" {-Cast rPois rN+ Stlth+} (You bought it in a shop on level 2 of the Orcish Mines)
 13885 | Lair:1   | Entered Level 1 of the Lair of Beasts
 14057 | Lair:1   | Reached skill level 16 in Unarmed Combat
 14133 | Lair:1   | Noticed Harold
 14143 | Lair:1   | Killed Harold
 14143 | Lair:1   | Received a gift from Okawaru
 14301 | Lair:1   | Noticed Gastronok
 14310 | Lair:1   | Killed Gastronok
 14669 | Lair:1   | You fall through a shaft!
 14683 | Lair:2   | Found a dark tunnel.
 14702 | Volcano  | Entered a volcano
 14738 | Volcano  | Reached skill level 5 in Fighting
 15680 | Lair:2   | Found a staircase to the Swamp.
 15872 | Lair:3   | Found a hole to the Spider Nest.
 16127 | Lair:3   | Reached XP level 14. HP: 124/127 MP: 12/12
 16311 | Lair:3   | Received a gift from Okawaru
 16666 | Lair:3   | Reached skill level 17 in Unarmed Combat
 17615 | Lair:4   | HP: 6/127 [black mamba (17)]
 18674 | Swamp:1  | Entered Level 1 of the Swamp
 18685 | Swamp:1  | Found a frozen archway.
 18701 | IceCv    | Entered an ice cave
 18701 | IceCv    | Noticed bgiannan's ghost (journeyman MiFi)
 18717 | IceCv    | Killed bgiannan's ghost
 18800 | IceCv    | Reached skill level 10 in Dodging
 19101 | IceCv    | Noticed an Ice Fiend
 19109 | IceCv    | Killed an Ice Fiend
 19109 | IceCv    | Reached skill level 5 in Stealth
 19329 | Swamp:1  | Noticed Nikola
 19360 | Swamp:1  | Killed Nikola
 19360 | Swamp:1  | Received a gift from Okawaru
 19360 | Swamp:1  | Received a gift from Okawaru
 19365 | Swamp:1  | Got jet-encrusted steam dragon scales {god gift}
 19390 | Swamp:1  | Identified the +4 steam dragon scales "Patyomebb" {rN++ Int+5} (Okawaru gifted it to you on level 1 of the Swamp)
 19584 | Swamp:1  | Reached skill level 18 in Unarmed Combat
 19974 | Swamp:1  | Noticed a thorn hunter
 19985 | Swamp:1  | Killed a thorn hunter
 20333 | Swamp:2  | Reached XP level 15. HP: 114/132 MP: 13/13
 20420 | Swamp:2  | Received a gift from Okawaru
 21490 | Swamp:3  | Paralysed by a hornet for 2 turns
 21683 | Swamp:3  | Received a gift from Okawaru
 22166 | Swamp:3  | Noticed Donald
 22181 | Swamp:3  | Killed Donald
 22471 | Swamp:3  | Received a gift from Okawaru
 22769 | Swamp:4  | Entered Level 4 of the Swamp
 22810 | Swamp:4  | Noticed a tentacled monstrosity
 22829 | Swamp:4  | Killed a tentacled monstrosity
 22874 | Swamp:4  | Reached skill level 10 in Shields
 22970 | Swamp:4  | Reached skill level 19 in Unarmed Combat
 22998 | Swamp:4  | Received a gift from Okawaru
 23444 | Swamp:4  | Got a decaying rune of Zot
 23741 | Swamp:4  | Received a gift from Okawaru
 23783 | Swamp:4  | Reached XP level 16. HP: 143/143 MP: 15/15
 24925 | Lair:5   | Found a viscous altar of Jiyva.
 24926 | Lair:5   | Found a staircase to the Slime Pits.
 24982 | Lair:6   | Entered Level 6 of the Lair of Beasts
 24988 | Lair:6   | Received a gift from Okawaru
 25241 | Lair:6   | Received a gift from Okawaru
 26437 | Lair:6   | Reached skill level 20 in Unarmed Combat
 26647 | Lair:6   | Received a gift from Okawaru
 26654 | Lair:6   | Got a transparent hat {god gift}
 26665 | Lair:6   | Identified the +2 hat of the Fiddle {rElec} (Okawaru gifted it to you on level 6 of the Lair of Beasts)
 27556 | D:14     | Paralysed by a wizard for 5 turns
 28039 | D:14     | Found a gate to the Vaults.
 28177 | D:14     | Found an opulent altar of Gozag.
 28212 | D:14     | Reached XP level 17. HP: 149/152 MP: 16/16
 28297 | D:14     | Found a bloodstained altar of Trog.
 28538 | D:15     | Entered Level 15 of the Dungeon
 28594 | D:15     | Noticed Roxanne
 28672 | D:15     | Killed Roxanne
 28738 | D:15     | Found a staircase to the Depths.
 29352 | D:15     | Received a gift from Okawaru
 29538 | D:15     | Reached skill level 21 in Unarmed Combat
 29807 | Elf:1    | Entered Level 1 of the Elven Halls
 29836 | Elf:1    | Found a ruined gateway.
 29838 | Elf:1    | Found a glowing silver altar of Zin.
 29838 | Elf:1    | Found a white marble altar of Elyvilon.
 29838 | Elf:1    | Found a glowing golden altar of the Shining One.
 29880 | Desolati | Entered the Desolation of Salt
 30331 | Desolati | Got a coiled pewter ring
 30337 | Desolati | Got a coiled lapis lazuli ring
 30346 | Desolati | Got an ancient iron ring
 30372 | Desolati | Identified the ring "Guorowehimm" {rPois Slay+2} (You found it in the Desolation of Salt)
 30374 | Desolati | Identified the ring "Hetiwe" {*Drain rC+ MR+ Dex+2} (You found it in the Desolation of Salt)
 30376 | Desolati | Identified the ring "Coaf" {*Tele rElec rN+ Slay+2} (You found it in the Desolation of Salt)
 30832 | Desolati | Received a gift from Okawaru
 30996 | Desolati | Reached XP level 18. HP: 150/161 MP: 17/17
 31239 | Desolati | Got a ring of the Octopus King
 31243 | Desolati | Got a vibrating bone amulet
 31245 | Desolati | Identified a ring of the Octopus King {rN+ AC+1 EV+1 Str+1 Int+1 Dex+1} (You found it in the Desolation of Salt)
 31247 | Desolati | Identified the amulet of Zoaxt {Inacc rElec rN++ MR- Str+2} (You found it in the Desolation of Salt)
 31250 | Desolati | Identified the Papyrus of the Volcanoes and Confrontation
 31581 | Elf:1    | Noticed Agnes
 31596 | Elf:1    | Killed Agnes
 31859 | Elf:1    | You fall through a shaft!
 32219 | Elf:1    | Reached skill level 22 in Unarmed Combat
 32604 | Elf:2    | Found a radiant altar of Vehumet.
 32690 | Elf:2    | Received a gift from Okawaru
 32981 | Elf:2    | Found a runed gate.
 32981 | Elf:2    | Found a runed gate.
 32981 | Elf:2    | Found a runed gate.
 33363 | Elf:2    | Received a gift from Okawaru
 33627 | Elf:3    | Entered Level 3 of the Elven Halls
 33691 | Elf:3    | Found Hailixi's Antique Weapon Boutique.
 33780 | Elf:3    | Found Sisivav's Distillery.
 34003 | Elf:3    | Reached XP level 19. HP: 169/169 MP: 18/18
 34971 | Elf:3    | Got a shimmering great sword {flame}
 35034 | Elf:3    | Noticed a Tzitzimitl
 35159 | Elf:3    | Received a gift from Okawaru
 35313 | Elf:3    | Reached skill level 23 in Unarmed Combat
 35534 | Elf:3    | Identified the Tome of Orientation and Heat
 35540 | Elf:3    | Got a brightly glowing golden amulet
 35542 | Elf:3    | Identified the amulet "Giorypp" {Gourm +Fly rElec rPois MR-} (You found it on level 3 of the Elven Halls)
 36023 | Spider:1 | Entered Level 1 of the Spider Nest
 36196 | Spider:1 | Noticed Britaniac's ghost (adept DsFE)
 36234 | Spider:1 | Killed Britaniac's ghost
 36453 | Spider:1 | Noticed Josephine
 36469 | Spider:1 | Killed Josephine
 36761 | Spider:1 | Received a gift from Okawaru
 37444 | Spider:2 | Reached XP level 20. HP: 178/178 MP: 19/19
 37976 | Spider:3 | Received a gift from Okawaru
 38252 | Spider:3 | Got a scintillating iron ring
 38255 | Spider:3 | Identified the ring of the Tormentor {rElec rF- MR++ Str+3 Int+4} (You found it on level 3 of the Spider Nest)
 38912 | Spider:4 | Entered Level 4 of the Spider Nest
 39632 | Spider:4 | Reached skill level 15 in Shields
 39711 | Spider:3 | Received a gift from Okawaru
 40462 | Spider:4 | Got a gossamer rune of Zot
 40856 | Vaults:1 | Entered Level 1 of the Vaults
 40950 | Vaults:1 | Noticed Saint Roka
 40999 | Vaults:1 | Killed Saint Roka
 41417 | Vaults:1 | Reached skill level 24 in Unarmed Combat
 41482 | Vaults:1 | Received a gift from Okawaru
 42919 | Vaults:2 | Reached XP level 21. HP: 162/185 MP: 20/20
 43359 | Vaults:2 | Received a gift from Okawaru
 44629 | Vaults:3 | Found a staircase to the Crypt.
 44749 | Vaults:3 | Received a gift from Okawaru
 44767 | Vaults:3 | Got shimmering shadow dragon scales {god gift}
 44778 | Vaults:3 | Identified the +1 shadow dragon scales of Resilience {rPois Stlth++++} (Okawaru gifted it to you on level 3 of the Vaults)
 44983 | Vaults:3 | Reached skill level 25 in Unarmed Combat
 45306 | Vaults:3 | Reached skill level 1 in Armour
 45585 | Vaults:3 | You fall through a shaft!
 45744 | Vaults:4 | Got a slimy silver ring
 45746 | Vaults:4 | Identified the ring of the Assorted Souls {*Corrode rPois rC+ Int+2 Dex+3 SInv} (You found it on level 4 of the Vaults)
 45810 | Vaults:4 | Reached XP level 22. HP: 193/193 MP: 21/21
 45869 | Vaults:4 | Received a gift from Okawaru
 46033 | Vaults:4 | Found Duyree's Antique Armour Shop.
 46263 | Vaults:4 | Noticed Mara
 46317 | Vaults:4 | Found a sparkling altar of Nemelex Xobeh.
 46318 | Vaults:4 | Noticed galech's illusion
 47077 | Vaults:4 | Received a gift from Okawaru
 47296 | Vaults:4 | Found Gozag's Assorted Antiques.
 47306 | Vaults:4 | Found an opulent altar of Gozag.
 47307 | Vaults:4 | Found Gozag's Antique Weapon Boutique.
 47315 | Vaults:4 | Found Gozag's Antique Weapon Boutique.
 47467 | Vaults:4 | Killed Mara
 47467 | Vaults:4 | Reached skill level 26 in Unarmed Combat
 48533 | Slime:1  | Entered Level 1 of the Pits of Slime
 48571 | Slime:1  | Gained mutation: You tend to lose your temper in combat. [a shining eye]
 48870 | Slime:1  | Received a gift from Okawaru
 50375 | Slime:3  | Reached skill level 15 in Dodging
 50402 | Slime:3  | Reached XP level 23. HP: 202/202 MP: 22/22
 50682 | Slime:4  | Paralysed by a floating eye for 4 turns
 50692 | Slime:3  | Paralysed by a floating eye for 2 turns
 50956 | Slime:4  | Gained mutation: You are dopey. (Int -2) [a shining eye]
 50977 | Slime:4  | Received a gift from Okawaru
 51033 | Slime:4  | Got an ancient hat {god gift}
 51044 | Slime:4  | Identified the +2 hat of Depud {*Drain rN+ MR+ Str+2} (Okawaru gifted it to you on level 4 of the Pits of Slime)
 51480 | Slime:5  | Entered Level 5 of the Pits of Slime
 51772 | Slime:5  | Gained mutation: You occasionally shout uncontrollably at your foes. [a shining eye]
 51778 | Slime:5  | Gained mutation: Your body sometimes deteriorates upon taking damage. [a shining eye]
 51822 | Slime:5  | Reached skill level 27 in Unarmed Combat
 52026 | Slime:5  | Noticed the Royal Jelly
 52043 | Slime:5  | Killed the Royal Jelly
 52049 | Slime:4  | HP: 7/202 [acid[the Royal Jelly] (5)]
 52049 | Slime:4  | Slain by an azure jelly

Skill      XL: |  1  2  3  4  5  6  7  8  9 10 11 12 13 14 15 16 17 18 19 20 21 22 23 |
---------------+----------------------------------------------------------------------+-----
Dodging        | 3 4 5 6 7 8 9 10 11 12 13 14 15 | 15.3
Unarmed Combat | 4 5 6 7 9 10 12 13 15 16 18 19 20 21 22 23 24 25 26 27 | 27.0
Fighting       | 3 4 5 6 7 |  7.2
Stealth        | 2 3 4 5 6 7 |  7.0
Shields        | 1 3 4 5 6 8 9 10 11 12 13 14 15 16 17 | 17.6
Invocations    | 1 2 3 4 |  4.0
Armour         | 1 2 |  2.8
Evocations     | |  0.1

Action                   |  1- 3 |  4- 6 |  7- 9 | 10-12 | 13-15 | 16-18 | 19-21 | 22-24 || total
-------------------------+-------+-------+-------+-------+-------+-------+-------+-------++-------
Melee: Unarmed           |    98 |   133 |   313 |   894 |  1454 |  1876 |  2174 |  1025 ||  7967
       Punch             |       |     2 |     1 |       |       |       |       |       ||     3
Invok: Heroism           |       |       |     2 |    11 |    23 |    17 |     7 |     5 ||    65
       Finesse           |       |       |       |       |     3 |     1 |     2 |     1 ||     7
 Abil: Evoke Invisibilit |       |       |       |       |       |     1 |       |       ||     1
Evoke: Wand              |       |       |       |       |       |       |       |     1 ||     1
  Use: Scroll            |       |       |    11 |    10 |    20 |    12 |     9 |     6 ||    68
       Potion            |       |       |       |     3 |     3 |     2 |     3 |     4 ||    15
 Stab: Sleeping          |     2 |     3 |     4 |    15 |    20 |    27 |    14 |     7 ||    92
       Distracted        |       |     1 |     1 |     1 |     4 |     2 |     3 |       ||    12
       Confused          |       |       |       |       |     1 |       |       |       ||     1
       Invisible         |       |       |       |       |       |     5 |       |       ||     5
  Eat: Chunk             |    15 |    15 |    28 |    68 |    97 |    94 |   104 |    20 ||   441
       Bread ration      |       |       |       |       |     3 |       |       |     9 ||    12
Armor: Robe              |    39 |    29 |    83 |   203 |   176 |       |       |       ||   530
       Steam dragon scal |       |       |       |       |   194 |   392 |   332 |    96 ||  1014
       Shadow dragon sca |       |       |       |       |       |       |    27 |    50 ||    77
Dodge: Dodged            |    35 |    61 |   107 |   322 |   558 |   559 |   556 |   179 ||  2377
Block: Shield            |       |       |   127 |   467 |   280 |    75 |       |       ||   949
       Large shield      |       |       |       |       |   731 |  1333 |  1909 |   672 ||  4645
       Reflection        |       |       |       |       |       |       |    75 |    33 ||   108
